 Dungeon Crawl Stone Soup version 0.29.1-15-g9cfb28693d (webtiles) character file.

Game seed: 10647271452527004136

101 BigDaddyOpFi the Digger (level 4, -1/33 HPs)
             Began as a Draconian Earth Elementalist on Feb 24, 2023.
             Slain by an orc wizard
             ... wielding a +1 dagger of protection
              (4 damage)
             ... on level 3 of the Dungeon.
             The game lasted 00:02:46 (2688 turns).

BigDaddyOpFi the Digger (DrEE)                      Turns: 2688, Time: 00:02:46

Health: -1/33      AC:  5    Str:  9 (12) XL:     4   Next: 48%
Magic:  4/7        EV: 12    Int: 12 (15) God:
Gold:   229        SH:  0    Dex: 10 (12) Spells: 4/8 levels left

rFire   + . .      SeeInvis .   h - +1 hand axe (elec)
rCold   + . .      Faith    .   (no shield)
rNeg    . . .      Spirit   .   (body armour unavailable)
rPois   +          Reflect  .   (helmet restricted)
rElec   +          Harm     .   (no cloak)
rCorr   +          Rampage  .   (no gloves)
Will    .....                   (no boots)
Stlth   ++........              (no amulet)
HPRegen 0.11/turn               l - ring of resist corrosion
MPRegen 0.10/turn               (no ring)

@: resistant
A: AC +5, unfitting armour, cold-blooded
a: no special abilities


You were on level 3 of the Dungeon.
You visited 1 branch of the dungeon, and saw 3 of its levels.

You collected 229 gold pieces.

Inventory:

Hand Weapons
 h - a +1 hand axe of electrocution (weapon)
Jewellery
 l - a ring of resist corrosion (left hand)
Wands
 i - a wand of iceblast (3)
Scrolls
 c - 2 scrolls of magic mapping
 f - 3 scrolls of blinking
 g - 2 scrolls of fear
Potions
 a - a potion of magic
 e - 2 potions of degeneration
 k - a potion of haste


   Skills:
 + Level 2.4 Dodging
 + Level 2.6 Stealth
 + Level 2.5 Spellcasting
 + Level 0.5 Conjurations
 + Level 2.0 Transmutations
 + Level 3.4 Earth Magic


You had 4 spell levels left.
You knew the following spells:

 Your Spells              Type           Power      Damage    Failure   Level
a - Sandblast             Erth           18%        2d7       6%          1
b - Stone Arrow           Conj/Erth      12%        3d7       34%         3

Your spell library contained the following spells:

 Spells                   Type           Power      Damage    Failure   Level
 Passwall                 Tmut/Erth      6%         N/A       13%         2
 Petrify                  Tmut/Erth      8%         N/A       63%         4


Dungeon Overview and Level Annotations

Branches:
Dungeon (3/15)

Altars:
Sif Muna

Shops:
D:1 =


Innate Abilities, Weirdness & Mutations

Your plain brown scales are hard. (AC +5)
You cannot fit into any form of body armour.
You are cold-blooded and may be slowed by cold attacks.


Message History

Something hits you. x2
* * * LOW HITPOINT WARNING * * *
Unknown command.
Casting: Sandblast (safe; 6% risk of failure)
Confirm with . or Enter, or press ? or * to list all spells.
You can't see any susceptible monsters within range! (Use Z to cast anyway.)
There is a strange disturbance nearby!
Something hits you.
* * * LOW HITPOINT WARNING * * *
Casting: Sandblast (safe; 6% risk of failure)
Confirm with . or Enter, or press ? or * to list all spells.
You can't see any susceptible monsters within range! (Use Z to cast anyway.)
Casting: Sandblast (safe; 6% risk of failure)
Confirm with . or Enter, or press ? or * to list all spells.
You can't see any susceptible monsters within range! (Use Z to cast anyway.)
Casting: Sandblast (safe; 6% risk of failure)
Confirm with . or Enter, or press ? or * to list all spells.
You can't see any susceptible monsters within range! (Use Z to cast anyway.)
Casting: Sandblast (safe; 6% risk of failure)
Confirm with . or Enter, or press ? or * to list all spells.
You can't see any susceptible monsters within range! (Use Z to cast anyway.)
Casting: Sandblast (safe; 6% risk of failure)
Confirm with . or Enter, or press ? or * to list all spells.
Aiming: Sandblast (safe; 6% risk of failure)
Press: ? - help, Shift-Dir - straight line The blast of sand hits something but does no damage.
Something barely misses you.
You closely miss something. Something hits you but does no damage.
Something hits you.
* * * LOW HITPOINT WARNING * * *
You hit something but do no damage. You tail-slap something.
Something hits you but does no damage.
You miss something.
Your tail-slap misses something.
You hear some strange, mumbled words.
Something tries to affect you, but you resist.
You barely miss something. Something hits you.
* * * LOW HITPOINT WARNING * * *
Something hits you but does no damage.
You miss something. Something hits you.
You die...

#..#### ##....####
###..#..#
#.....########
###..........#
#..........#
#..........#
##.........#
##....@...#
###.#.{..#
#.#.#..###.#
##)#).........
#..............
#..#.)..........
#..#)..........#
##.............##
#..........^...###


There were no monsters in sight!

Vanquished Creatures
  A hound (D:3)
  An adder (D:2)
  A worm (D:2)
  5 orcs (D:3)
  4 endoplasms
  A hobgoblin (D:1)
  2 jackals (D:1)
  5 ball pythons
  6 bats
  5 frilled lizards
  10 goblins
  5 kobolds
  12 rats
58 creatures vanquished.

Notes
Turn   | Place    | Note
-------+----------+-------------------------------------------
     0 | D:1      | BigDaddyOpFi the Draconian Earth Elementalist began the
                  | quest for the Orb.
     0 | D:1      | Reached XP level 1. HP: 14/14 MP: 3/3
   193 | D:1      | Reached XP level 2. HP: 20/20 MP: 5/5
   259 | D:1      | Found Geucoyre's Jewellery Shop.
   660 | D:1      | Found a faded altar of an unknown god.
   874 | D:2      | Reached XP level 3. HP: 26/26 MP: 1/6
  1105 | D:2      | Found a shimmering blue altar of Sif Muna.
  1953 | D:2      | Learned a level 3 spell: Stone Arrow
  2462 | D:3      | Reached XP level 4. HP: 24/33 MP: 5/7
  2688 | D:3      | Slain by an orc wizard

Illustrated notes

Levels and vault maps discovered:
D:1:      lemuel_arrival_rhombus, layout_basic, serial_shops, shop_coins,
          hellmonk_ecumenical_altar_inner_sanctum, minivault_27
D:2:      layout_basic, basic_altar, chequers_garden
D:3:      layout_rooms, uniq_crazy_yiuf_cottage

Skill      XL: |  1  2  3  4 |
---------------+-------------+-----
Stealth        | 2 |  2.6
Dodging        | 2 |  2.4
Transmutations | 2 |  2.0
Spellcasting   | |  2.5
Conjurations   | |  0.5
Earth Magic    | |  3.4

Action                   |  1- 3 |  4- 6 || total
-------------------------+-------+-------++-------
Melee: Unarmed           |    12 |       ||    12
       Tailslap          |     4 |     1 ||     5
       Hand axe          |    20 |    21 ||    41
 Cast: Sandblast         |    42 |    18 ||    60
Evoke: Wand              |     1 |       ||     1
  Use: Scroll            |     7 |       ||     7
       Potion            |       |     6 ||     6
 Stab: Sleeping          |     4 |       ||     4
Armor: Skin              |    17 |    17 ||    34
Dodge: Dodged            |    41 |    11 ||    52
